 Dungeon Crawl Stone Soup version 0.23.1-37-gaa34b87 (webtiles) character file.

Game seed: 1194407948108902882

553 slphil the Grave Robber (level 7, 0/37 HPs)
             Began as a Vine Stalker Necromancer on Mar 26, 2019.
             Was an Initiate of Ashenzari.
             Slain by a sky beast (5 damage)
             ... on level 5 of the Dungeon.
             The game lasted 00:14:20 (5024 turns).

slphil the Grave Robber (Vine Stalker Necromancer)  Turns: 5024, Time: 00:14:21

Health: 0/37       AC:  5    Str: 13    XL:     7   Next: 29%
Magic:  0/4        EV: 12    Int: 17    God:    Ashenzari [......]
Gold:   206        SH:  0    Dex: 15    Spells: 5/12 levels left

rFire    . . .     SeeInvis .   b - +5 mace "Isafaif" {antimagic, rC+ rN+ Str+3}
rCold    + . .     Gourm    .   (no shield)
rNeg     + + .     Faith    .   f - +0 leather armour (curse)
rPois    .         Spirit   +   e - +0 hat
rElec    .         Reflect  .   C - +1 cloak
rCorr    .         Harm     .   (no gloves)
MR       .....                  (no boots)
Stlth    ++........             (no amulet)
HPRegen  0.52/turn              (no ring)
MPRegen  0.09/turn              w - ring of positive energy (curse)

@: no status effects
A: fangs 2, sense surroundings 1, regeneration 1, wild magic 1, magic shield,
antimagic bite, no potion heal 3, rot immunity
a: Curse Item, Renounce Religion


You were on level 5 of the Dungeon.
You worshipped Ashenzari.
Ashenzari was noncommittal.
You were not hungry.

You visited 2 branches of the dungeon, and saw 6 of its levels.

You collected 206 gold pieces.

Inventory:

Hand Weapons
 a - a +0 dagger
 b - the +5 mace "Isafaif" (weapon) {antimagic, rC+ rN+ Str+3}
   (You found it on level 4 of the Dungeon)

   It reduces the magical energy of the wielder, and disrupts the spells and
   magical abilities of those hit.
   Natural abilities and divine invocations are not affected.
   It affects your strength (+3).
   It protects you from cold.
   It protects you from negative energy.
 B - a +0 blowgun
Missiles
 l - 107 stones (quivered)
 m - 33 poisoned needles
Armour
 e - a +0 hat (worn)
 f - a cursed +0 leather armour (worn)
 i - a +0 robe
 r - a +3 scale mail
 C - a +1 cloak (worn)
Jewellery
 w - a cursed ring of positive energy (right hand)
Wands
 y - a wand of iceblast (8)
Scrolls
 d - a scroll of random uselessness
 g - a scroll of identify
 h - a scroll of teleportation {unknown}
 n - a scroll of immolation {unknown}
 o - a scroll of remove curse
 p - a scroll of magic mapping {unknown}
 s - a scroll of enchant armour {unknown}
 u - a scroll of fear {unknown}
Potions
 j - a potion of berserk rage
 k - 2 potions of agility {unknown}
 q - 2 potions of curing {unknown}
 t - a potion of haste
 v - a potion of resistance {unknown}
 x - a potion of ambrosia {unknown}
 A - a potion of brilliance {unknown}
 D - a potion of cancellation {unknown}
Comestibles
 c - 7 rations
 z - 3 chunks of flesh


   Skills:
 + Level 4.1 Fighting
 - Level 3.3 Short Blades
 - Level 1.5 Dodging
 - Level 3.0 Stealth
 - Level 3.1 Spellcasting
 - Level 5.2 Necromancy


You had 5 spell levels left.
You knew the following spells:

 Your Spells              Type           Power        Failure   Level  Hunger
a - Pain                  Necr           ####         4%          1    None
b - Vampiric Draining     Necr           ####......   12%         3    ###....
c - Regeneration          Chrm/Necr      ##........   30%         3    ###....

Your spell library contained the following spells:

 Spells                   Type           Power        Failure   Level  Hunger
 Animate Skeleton         Necr           N/A          4%          1    None
 Magic Dart               Conj           #...         30%         1    None
 Animate Dead             Necr           N/A          34%         4    ####...
 Blink                    Tloc           N/A          41%         2    ##.....
 Call Imp                 Summ           #.......     41%         2    ##.....
 Slow                     Hex            #.......     41%         2    ##.....
 Conjure Flame            Conj/Fire      #.......     63%         3    ###....
 Mephitic Cloud           Conj/Pois/Air  #.......     63%         3    ###....


Dungeon Overview and Level Annotations

Branches:
Dungeon (5/15)             Temple (1/1) D:4

Altars:
Ashenzari
Dithmenos
Fedhas
Gozag
Hepliaklqana
Kikubaaqudgha
Makhleb
Qazlal
Ru
Sif Muna
Trog
Vehumet
Wu Jian
Yredelemnul
Zin
The Shining One


Innate Abilities, Weirdness & Mutations

You have extremely sharp teeth.
Your natural rate of healing is unusually fast.
When hurt, damage is shared between your health and your magic reserves.
Your bite disrupts and absorbs the magic of your enemies.
Potions cannot restore your health.
You are immune to rotting.
You passively map a small area around you.
Your spells are a little harder to cast, but a little more powerful.


Message History

b - the +5 mace "Isafaif" (weapon)
{antimagic, rC+ rN+ Str+3} Something hits you.
Something shocks you.
You completely miss something. Your bite misses something. Something hits you.
Something shocks you. Something hits you but does no damage.
You miss something. Your bite misses something.
Something hits you but does no damage.
You thump something! Something hits you. Something shocks you.
You miss something. Something hits you. Something shocks you.
Something barely misses you.
You miss something. Something hits you but does no damage.
You miss something.
A sky beast appears from thin air!
Reactivating autopickup.
The sky beast hits you.
* * * LOW HITPOINT WARNING * * *
The sky beast shocks you.
* * * LOW HITPOINT WARNING * * *
The sky beast hits you.
* * * LOW HITPOINT WARNING * * *
The sky beast shocks you.
You die...

.#
#....######.##.####..#*
, .#
#...........##.......#
.#
#....#########.......#
.#####....# #.......#
.#.....#### #.......#
.#.....# #.####### 8 ,
.#.....# #.# *
.#.....############.#
.#..<..'........@Y..#
.#.....############## *
.#.....# .####### .# .#
.# .# รท#


You could see a sky beast.

Vanquished Creatures
  Menkaure (D:4)
  A scorpion (D:4)
  A howler monkey (D:4)
  Crazy Yiuf (D:4)
  Natasha (thrice) (D:4)
  4 worker ants
  A hound skeleton (D:4)
  A worker ant zombie (D:5)
  5 adders
  An adder skeleton (D:4)
  3 worms
  2 leopard geckos
  4 orcs (D:3)
  A ball python (D:2)
  3 giant cockroaches
  3 goblins (D:1)
  5 hobgoblins
  7 jackals (D:3)
  5 kobolds
  4 quokkas
  7 bats
  A frilled lizard (D:3)
  A jackal zombie (D:5)
  A quokka skeleton (D:4)
  5 rats
71 creatures vanquished.

Notes
Turn   | Place    | Note
-------+----------+-------------------------------------------
     0 | D:1      | slphil the Vine Stalker Necromancer began the quest for the
                  | Orb.
     0 | D:1      | Reached XP level 1. HP: 9/9 MP: 4/4
   590 | D:1      | Reached XP level 2. HP: 13/13 MP: 6/6
  1415 | D:2      | Reached XP level 3. HP: 16/16 MP: 7/7
  2381 | D:3      | Gained mutation: You passively map a small area around you.
                  | [potion of mutation]
  2381 | D:3      | Gained mutation: Your spells are a little harder to cast,
                  | but a little more powerful. [potion of mutation]
  2388 | D:3      | Reached skill level 5 in Necromancy
  2388 | D:3      | Gained mutation: Your natural rate of healing is unusually
                  | fast. [Vine Stalker growth]
  2388 | D:3      | Reached XP level 4. HP: 6/21 MP: 1/9
  3361 | D:4      | Reached skill level 1 in Fighting
  3361 | D:4      | Reached skill level 1 in Short Blades
  3361 | D:4      | Reached XP level 5. HP: 18/25 MP: 0/10
  3515 | D:4      | Found a staircase to the Ecumenical Temple.
  3525 | Temple   | Entered the Ecumenical Temple
  3717 | Temple   | Became a worshipper of Ashenzari the Shackled
  3768 | D:4      | Learned a level 3 spell: Vampiric Draining
  3810 | D:4      | Reached XP level 6. HP: 17/30 MP: 5/11
  3864 | D:4      | Learned a level 3 spell: Regeneration
  3884 | D:4      | Identified the +0 robe of Snakes and Ladders {rN+}
  4195 | D:4      | Noticed Natasha
  4200 | D:4      | Killed Natasha
  4218 | D:4      | Noticed Natasha
  4222 | D:4      | Killed Natasha
  4365 | D:4      | Noticed Natasha
  4370 | D:4      | Killed Natasha
  4450 | D:4      | Got the mace "Isafaif" {antimagic, rC+ rN+ Str+3}
  4451 | D:4      | Identified the +5 mace "Isafaif" {antimagic, rC+ rN+ Str+3}
                  | (You found it on level 4 of the Dungeon)
  4452 | D:4      | Found a runed translucent door.
  4453 | D:4      | Noticed Crazy Yiuf
  4462 | D:4      | Killed Crazy Yiuf
  4472 | D:4      | Got the cursed mace "Onua" {drain, rF+ SInv}
  4474 | D:4      | Identified the cursed +2 mace "Onua" {drain, rF+ SInv} (You
                  | found it on level 4 of the Dungeon)
  4598 | D:4      | Noticed Menkaure
  4606 | D:4      | Killed Menkaure
  4606 | D:4      | Reached XP level 7. HP: 19/37 MP: 4/12
  4897 | D:5      | Entered Level 5 of the Dungeon
  5024 | D:5      | Slain by a sky beast

Skill      XL: |  1  2  3  4  5  6  7 |
---------------+----------------------+-----
Stealth        | 3 |  3.0
Spellcasting   | 3 |  3.1
Necromancy     | 5 |  5.2
Fighting       | 1 3 4 |  4.1
Short Blades   | 1 2 3 |  3.3
Dodging        | |  1.5

Action                   |  1- 3 |  4- 6 |  7- 9 || total
-------------------------+-------+-------+-------++-------
Melee: Club              |    12 |       |       ||    12
       Bite              |    18 |    50 |     9 ||    77
       Unarmed           |     1 |       |       ||     1
       Dagger            |    79 |   203 |    24 ||   306
       Mace              |       |     6 |     9 ||    15
 Cast: Pain              |    19 |    42 |       ||    61
Invok: Curse Item        |       |     1 |       ||     1
  Use: Potion            |     3 |       |       ||     3
       Scroll            |       |     2 |       ||     2
 Stab: Sleeping          |     1 |     2 |     1 ||     4
  Eat: Chunk             |     5 |     4 |     1 ||    10
       Ration            |       |     1 |       ||     1
Armor: Robe              |     5 |       |       ||     5
       Scale mail        |    29 |    79 |       ||   108
       Skin              |     6 |    10 |       ||    16
       Leather armour    |       |    10 |     8 ||    18
Dodge: Dodged            |    43 |   106 |    14 ||   163
